 Dungeon Crawl Stone Soup version 0.19.1-1-g22dce08 (webtiles) character file.

4419 M4edhros the Spear-Bearer (level 10, -4/80 HPs)
             Began as a Mummy Chaos Knight on Dec 30, 2016.
             Slain by a wolf (10 damage)
             ... led by Grum
             ... on level 8 of the Dungeon.
             The game lasted 00:27:53 (163989 turns).

M4edhros the Spear-Bearer (Mummy Chaos Knight)    Turns: 163989, Time: 00:27:54

Health: -4/80      AC:  5    Str: 19 (20) XL:     10   Next: 14%
Magic:  10/10      EV:  2    Int:  7 (11) God:    Xom [...*..]
Gold:   3268       SH:  0    Dex: -1 (15) Spells: 0 memorised, 9 levels left

rFire  . . .     SeeInvis .     D - +4 demon trident (chaos)
rCold  + . .     Gourm    .     a - +3 leather armour {MR+}
rNeg   + + +     Faith    .     (no shield)
rPois  ∞         Spirit   .     (no helmet)
rElec  .         Reflect  .     (no cloak)
rCorr  .         Harm     .     K - -3 pair of gloves of Telux {*Contam MR+ Str+4}
MR     +++..                    F - +0 pair of boots {Stlth+}
Stlth  ..........               (no amulet)
                                (no ring)
                                y - ring of Pride {rF+ Stlth+}

@: about to teleport, slowed, lost dexterity, very slow
A: no food or potions, fire vulnerability, cold resistance 1, negative energy
resistance 3, torment resistance, unbreathing
a: Renounce Religion


You were on level 8 of the Dungeon.
You worshipped Xom.
You were a favourite toy of Xom.
You were not hungry.

You visited 2 branches of the dungeon, and saw 9 of its levels.

You collected 3268 gold pieces.

Inventory:

Hand Weapons
 i - the +2 morningstar "Birhu" {distort, Str+4 SInv}
   (Xom gifted it to you in the Ecumenical Temple)

   It warps and distorts space around it.
   Unwielding it can cause banishment or high damage.
   It affects your strength (+4).
   It lets you see invisible.
 s - a cursed +0 blowgun
 v - a +0 fustibalus
 D - a +4 demon trident of chaos (weapon)
Missiles
 h - 5 curare-tipped needles
 j - 4 steel tomahawks (quivered)
 n - 264 stones
 p - 6 needles of frenzy
 w - 32 poisoned needles
 B - 38 bolts
 C - 48 sling bullets
 L - 7 javelins of returning
Armour
 a - a +3 leather armour of magic resistance (worn)
 q - +0 steam dragon scales
 z - the +2 scale mail of the Thistle {rPois rCorr}
   (Xom gifted it to you in the Ecumenical Temple)

   It protects you from poison.
   It protects you from acid and corrosion.
 F - a +0 pair of boots of stealth (worn)
 K - the -3 pair of gloves of Telux (worn) {*Contam MR+ Str+4}
   (Xom gifted it to you in the Ecumenical Temple)

   It affects your strength (+4).
   It affects your resistance to hostile enchantments.
   It causes magical contamination when unequipped.
 Q - a +0 large shield
Jewellery
 k - a cursed ring of wizardry
 u - a +2 ring of dexterity
 y - the ring of Pride (left hand) {rF+ Stlth+}
   (Xom gifted it to you in the Ecumenical Temple)

   [ring of protection from fire]

   It protects you from fire.
   It makes you more stealthy.
Wands
 l - a wand of random effects (12/48)
 x - a wand of polymorph (20/24)
 A - a wand of heal wounds (0/9)
 E - a wand of hasting (3/9)
 G - a wand of flame (33/48)
 I - a wand of teleportation (3/9)
 M - a wand of iceblast (2/15)
Scrolls
 b - a scroll of fog
 c - a scroll of blinking
 e - 3 scrolls of recharging
 f - 4 scrolls of remove curse
 g - a scroll of enchant armour {unknown}
 r - 4 scrolls of teleportation
 H - a scroll of brand weapon {unknown}
 N - 2 scrolls of fear {unknown}
 P - a scroll of silence {unknown}
Books
 J - a book of Necromancy

   Spells                             Type                      Level
   a - Pain                           Necromancy                   1
   b - Animate Skeleton               Necromancy                   1
   c - Vampiric Draining              Necromancy                   3
   d - Regeneration                   Charms/Necromancy            3
   e - Animate Dead                   Necromancy                   4
   f - Control Undead                 Necromancy                   4
 O - a book of Debilitation

   Spells                             Type                      Level
   a - Corona                         Hexes                        1
   b - Slow                           Hexes                        2
   c - Gell's Gravitas                Hexes/Translocation          3
   d - Inner Flame                    Hexes/Fire                   3
   e - Cause Fear                     Hexes                        4
   f - Leda's Liquefaction            Hexes/Earth                  4
Miscellaneous
 m - a fan of gales (inert)
 o - a phial of floods (inert)
 t - a sack of spiders


   Skills:
 + Level 8.3 Fighting
 + Level 8.8 Polearms
 - Level 1.5 Armour
 + Level 6.4 Dodging


You had 9 spell levels left.
You didn't know any spells.

Dungeon Overview and Level Annotations

Branches:
Dungeon (8/15)             Temple (1/1) D:4
   Lair: D:8-11

Altars:
Ashenzari
Cheibriados
Dithmenos
Elyvilon
Fedhas
Gozag
Hepliaklqana
Kikubaaqudgha
Makhleb
Nemelex Xobeh
Okawaru
Qazlal
Ru
Sif Muna
Trog
Uskayaw
Vehumet
Xom
Yredelemnul
Zin
The Shining One

Shops:
D:5 *

Annotations:
D:3 M4edhros's ghost, amateur OpCK
D:8 Joseph


Innate Abilities, Weirdness & Mutations

You do not eat or drink.
Your flesh is vulnerable to fire.
You are immune to poison.
Your flesh is cold resistant. (rC+)
You are immune to negative energy. (rN+++)
You are immune to unholy pain and torment.
You can survive without breathing.


Message History

Zapping:
M - a wand of iceblast (3/15)
Press: ? - help, Shift-Dir - straight line The mass of ice explodes!
The iceblast engulfs the wolf.
The wolf is heavily wounded.
This wand has 2 charges left.
The wolf bites you.
* * * LOW HITPOINT WARNING * * *
The wolf bites you.
* * * LOW HITPOINT WARNING * * *
Unknown command.
Evoke which item? (* to show all) (? for menu, Esc to quit)
Zapping:
I - a wand of teleportation (4/9)
Press: ? - help, Shift-Dir - straight line, f - you You feel strangely unstable.
This wand has 3 charges left.
The wolf bites you.
* * * LOW HITPOINT WARNING * * *
The wolf bites you.
* * * LOW HITPOINT WARNING * * *
You closely miss the wolf.
The wolf is heavily wounded.
The wolf bites you!
You die...

######## #.......
#.###### #.# #.#
#.#.##### #.#
.....)g.###########.#
#)h@..........#
###############


You could see a wolf and a gnoll.

Vanquished Creatures
  Pikel (D:4)
  The ghost of veneficus the Cleaver, a novice DDFi of Makhleb (D:6)
  Prince Ribbit (D:5)
  2 steam dragons
  Grum (D:8)
  Eustachio (D:6)
  Edmund (D:5)
  Duvessa (D:5)
  A sky beast (D:6)
  A slave (D:4)
  A phantom (D:5)
  5 ogres (D:4)
  A wolf (D:8)
  A centaur (D:6)
  3 gnoll sergeants
  Dowan (D:5)
  2 scorpions
  2 killer bees (D:8)
  A howler monkey (D:6)
  A bullfrog zombie (D:5)
  A quasit (D:6)
  A centaur zombie (D:7)
  2 crimson imps
  2 orc wizards (D:6)
  2 jellies
  Crazy Yiuf (D:5)
  3 orc priests
  A centaur skeleton (D:7)
  4 hounds
  A bullfrog skeleton (D:7)
  Natasha (thrice) (D:3)
  An iguana (shapeshifter) (D:5)
  2 iguanas
  4 worker ants
  A hound zombie (D:7)
  A hound skeleton (D:5)
  A worker ant zombie (D:5)
  17 gnolls
  11 adders
  2 shadow imps (D:5)
  7 worms
  7 dart slugs
  5 leopard geckos
  15 orcs
  4 ball pythons
  17 giant cockroaches
  14 goblins
  12 hobgoblins
  15 jackals
  6 quokkas
  11 bats
  3 frilled lizards
  12 kobolds
  A quokka skeleton (D:7)
  13 rats
  A fire vortex (Temple)
  A plant (Temple)
234 creatures vanquished.

Vanquished Creatures (collateral kills)
  An orc warrior (D:7)
  A sky beast (D:7)
  An ogre (D:6)
  A worker ant (D:6)
  A gnoll (D:2)
  An ooze (D:6)
  2 orcs
8 creatures vanquished.

Vanquished Creatures (others)
  2 slaves (D:4)
  A killer bee (D:8)
  An adder (D:2)
  A dart slug (D:1)
  A hobgoblin (D:2)
  A kobold (D:1)
  A fire vortex (Temple)
8 creatures vanquished.

Grand Total: 250 creatures vanquished

Notes
Turn   | Place    | Note
-------+----------+-------------------------------------------
     0 | D:1      | M4edhros the Mummy Chaos Knight began the quest for the Orb.
     0 | D:1      | Reached XP level 1. HP: 18/18 MP: 1/1
    16 | D:1      | XOM: potion effect (haste)
    27 | D:1      | Reached skill level 1 in Dodging
    44 | D:1      | Reached XP level 2. HP: 16/24 MP: 2/2
   157 | D:1      | XOM: smoke on damage
   633 | D:1      | Reached XP level 3. HP: 29/29 MP: 3/3
  1179 | D:1      | XOM: divination: detect creatures
  1373 | D:1      | XOM: divination: detect creatures
  3181 | D:1      | XOM is BORED!
  3181 | D:1      | XOM: mild Fire miscast
  3212 | D:1      | XOM: god gift: morningstar {god gift}
  3703 | D:1      | XOM: scenery: create altars
  3727 | D:1      | XOM: god gift: 4 steel tomahawks
  3971 | D:1      | XOM: god gift: ivory ring {god gift}
  4259 | D:1      | XOM: god gift: chain mail {god gift}
  4585 | D:1      | XOM: god gift: leather armour {god gift}
  4826 | D:1      | XOM: god gift: 44 gold pieces
  5075 | D:1      | XOM: cast spell 'Summon Butterflies'
  5418 | D:1      | XOM: god gift: 18 gold pieces
  5497 | D:1      | Reached XP level 4. HP: 35/35 MP: 4/4
  5528 | D:1      | XOM: harmless Chrm miscast
  5574 | D:1      | XOM: divination: magic mapping
  5827 | D:1      | XOM: noise
  5929 | D:1      | XOM: god gift: 13 stones
  6654 | D:1      | XOM: cloud trail
  6849 | D:1      | XOM is BORED!
  6849 | D:1      | XOM: medium Air miscast
  6849 | D:1      | XOM: smoke on damage
  6987 | D:1      | XOM: cloud trail
  7218 | D:1      | XOM: cast spell 'Summon Butterflies'
  7496 | D:1      | XOM: god gift: 6 meat rations
  7706 | D:1      | XOM: divination: magic mapping
  7808 | D:1      | XOM: medium Pois miscast
  8359 | D:1      | XOM: cloud trail
  8642 | D:1      | XOM: god gift: grey potion {god gift}
  9025 | D:1      | XOM: silly message
  9054 | D:1      | XOM: cloud trail
  9365 | D:1      | Noticed a yaktaur captain
  9396 | D:2      | XOM: god gift: steam dragon scales {god gift}
  9539 | D:2      | XOM: noise
  9625 | D:2      | XOM: scenery: create altars
  9672 | D:2      | XOM: divination: detect creatures
  9824 | D:2      | Reached XP level 5. HP: 41/41 MP: 5/5
  9975 | D:2      | XOM: enchant monster (good)
  9979 | D:2      | XOM: scenery: create altars
 10098 | D:2      | XOM: divination: magic mapping
 10542 | D:2      | XOM: divination: magic mapping
 10700 | D:2      | XOM: divination: detect items
 11761 | D:2      | XOM: harmless Summ miscast
 11903 | D:2      | XOM: medium Ice miscast
 11924 | D:2      | XOM: harmless Tmut miscast
 12218 | D:2      | XOM: mild Tloc miscast
 12259 | D:2      | XOM: mild Divn miscast
 12380 | D:2      | XOM: summons 2 hostile demons
 12381 | D:2      | Noticed a red devil
 12487 | D:3      | XOM: 2-stop teleportation journey
 12631 | D:3      | Found a glowing golden altar of the Shining One.
 12631 | D:3      | XOM: 5-stop teleportation journey
 12632 | D:3      | Noticed Natasha
 12648 | D:3      | Killed Natasha
 12892 | D:2      | XOM: harmless Chrm miscast
 13413 | D:2      | XOM: mild Ice miscast
 13703 | D:2      | XOM: medium Air miscast
 14075 | D:2      | XOM: medium Summ miscast
 14076 | D:2      | Noticed a sun demon
 14363 | D:3      | Noticed Natasha
 14373 | D:3      | Killed Natasha
 14387 | D:3      | Noticed a steam dragon
 14387 | D:3      | an ooze changed into a steam dragon
 14398 | D:3      | Killed a steam dragon
 14398 | D:3      | Reached skill level 5 in Polearms
 14398 | D:3      | Reached XP level 6. HP: 22/48 MP: 6/6
 14450 | D:3      | Noticed M4edhros's ghost (amateur OpCK)
 14453 | D:3      | XOM: scenery: create altars
 14461 | D:3      | Noticed Natasha
 14462 | D:3      | XOM: mild Pois miscast
 14954 | D:2      | XOM: chaos upgrade
 14964 | D:2      | XOM: confusion
 14989 | D:2      | XOM: harmless Air miscast
 15254 | D:2      | XOM: divination: detect items
 15378 | D:2      | XOM: harmless Divn miscast
 15808 | D:2      | XOM: noise
 15831 | D:2      | XOM: cloud trail
 15959 | D:2      | XOM: harmless Air miscast
 16551 | D:2      | XOM: harmless Divn miscast
 17074 | D:2      | XOM: summons 4 hostile shadow creatures
 17075 | D:2      | Noticed a fire dragon
 17075 | D:2      | Noticed a hungry ghost
 17126 | D:3      | XOM: scenery: create altars
 17130 | D:3      | Killed Natasha
 17130 | D:3      | Reached XP level 7. HP: 46/55 MP: 7/7
 17196 | D:3      | XOM: god gift: bread ration
 17251 | D:3      | XOM: scenery: create altars
 17511 | D:3      | XOM: mild Tmut miscast
 17893 | D:3      | XOM: noise
 18158 | D:3      | XOM: mild Fire miscast
 18986 | D:3      | XOM is BORED!
 18986 | D:3      | XOM: summons 3 hostile shadow creatures
 19009 | D:3      | XOM: cast spell 'Summon Butterflies'
 19117 | D:3      | XOM: god gift: scroll labeled RUWEICZYGHO {god gift}
 19393 | D:4      | XOM: summons friendly shadow imp
 19444 | D:4      | XOM: scenery: 2 doors open
 19447 | D:4      | Noticed Pikel
 19453 | D:4      | Noticed a steam dragon
 19453 | D:4      | a slave changed into a steam dragon
 19453 | D:4      | XOM: polymorph slave -> steam dragon
 19526 | D:3      | XOM: medium Fire miscast
 19677 | D:3      | XOM: harmless Necr miscast
 19715 | D:3      | XOM: mild Erth miscast
 19783 | D:3      | XOM: god gift: 25 gold pieces
 19952 | D:4      | XOM: 1-stop teleportation journey
 19981 | D:4      | Found a staircase to the Ecumenical Temple.
 20087 | D:4      | Reached skill level 5 in Fighting
 20132 | Temple   | Entered the Ecumenical Temple
 21054 | Temple   | XOM: god gift: scroll labeled COXZIM HEIRCH {god gift}
 21864 | Temple   | XOM: god gift: 14 sling bullets
 22218 | Temple   | XOM: scenery: create altars
 22364 | Temple   | XOM: summons 3 hostile demons
 22670 | Temple   | XOM: cloud trail
 23049 | Temple   | XOM: 3-stop teleportation journey
 23123 | Temple   | XOM is BORED!
 23517 | Temple   | XOM: divination: detect items
 23691 | Temple   | XOM: cloud trail
 23802 | Temple   | XOM: noise
 24551 | Temple   | XOM: stat loss: -1 Str (14/15)
 24785 | Temple   | XOM is BORED!
 24956 | Temple   | XOM: summons 3 hostile demons
 24957 | Temple   | XOM: severe Chrm miscast
 25212 | Temple   | XOM: stat loss: -1 Int (10/11)
 25496 | Temple   | XOM: harmless Fire miscast
 25636 | Temple   | XOM: summons 3 hostile demons
 25637 | Temple   | Noticed a rust devil
 25642 | D:4      | XOM: 1-stop teleportation journey
 25758 | D:4      | XOM: noise
 25917 | D:4      | XOM: noise
 25936 | D:4      | Killed Pikel
 25936 | D:4      | Reached XP level 8. HP: 39/63 MP: 8/8
 26149 | D:4      | HP: 1/64 [steam dragon/ball of steam[Pikel] (5)]
 26153 | D:4      | XOM: 1-stop teleportation journey
 26257 | D:4      | XOM: mild Chrm miscast
 26531 | D:4      | XOM: noise
 26668 | Temple   | XOM: scenery: create altars
 27000 | Temple   | XOM: scenery: create altars
 27131 | Temple   | XOM: noise
 29554 | Temple   | XOM: medium Divn miscast
 31148 | Temple   | XOM is BORED!
 31551 | Temple   | XOM: mild Tloc miscast
 31976 | Temple   | XOM: medium Summ miscast
 32167 | D:4      | XOM: god gift: curved jewelled staff {god gift}
 32632 | Temple   | XOM: noise
 33128 | Temple   | XOM: mild Fire miscast
 33452 | Temple   | XOM: summons 4 hostile demons
 33453 | Temple   | Noticed a sixfirhy
 33462 | D:4      | XOM: harmless Erth miscast
 34271 | Temple   | XOM: stat loss: -1 Dex (15/16)
 34520 | Temple   | XOM: mild Divn miscast
 35519 | Temple   | XOM is BORED!
 35519 | Temple   | XOM: mild Chrm miscast
 36041 | Temple   | XOM: god gift: scroll labeled TAVUBL BIRISCH {god gift}
 36122 | Temple   | XOM: god gift: rapier {god gift}
 37264 | Temple   | XOM: god gift: 27 stones
 37297 | Temple   | XOM: harmless Hex miscast
 37617 | Temple   | XOM: stat loss: -1 Str (14/15)
 37748 | Temple   | XOM: god gift: blue potion {god gift}
 38104 | Temple   | XOM: divination: detect items
 38146 | Temple   | XOM: medium Necr miscast
 39066 | Temple   | XOM: divination: detect items
 39180 | Temple   | XOM is BORED!
 39180 | Temple   | XOM: medium Ice miscast
 39535 | Temple   | XOM: scenery: create altars
 39666 | Temple   | XOM: scenery: create altars
 39682 | Temple   | XOM: god gift: warped amber ring {god gift}
 39683 | Temple   | Got a warped amber ring {god gift}
 39685 | Temple   | Identified the ring of Doneusuck {Ice Str+2} (Xom gifted it to you in the Ecumenical Temple)
 40333 | Temple   | XOM: divination: magic mapping
 40880 | Temple   | XOM: god gift: 3 meat rations
 40984 | Temple   | XOM: silly message
 42302 | Temple   | XOM: summons 4 hostile demons
 42303 | Temple   | Noticed an ice devil
 42484 | D:4      | XOM: silly message
 43200 | Temple   | XOM: mild Ice miscast
 43852 | Temple   | XOM: mild Fire miscast
 44259 | Temple   | XOM is BORED!
 44442 | Temple   | XOM: harmless Ice miscast
 45164 | Temple   | XOM: harmless Summ miscast
 45200 | Temple   | XOM: harmless Hex miscast
 46069 | Temple   | XOM: god gift: shimmering bone ring {god gift}
 46070 | Temple   | Got a shimmering bone ring {god gift}
 46072 | Temple   | Identified the ring of Pride {rF+ Stlth+} (Xom gifted it to you in the Ecumenical Temple)
 46096 | Temple   | XOM: god gift: 37 gold pieces
 47469 | Temple   | XOM is BORED!
 47469 | Temple   | XOM: noise
 47593 | Temple   | XOM: medium Pois miscast
 48326 | Temple   | XOM is BORED!
 48326 | Temple   | XOM: mild Summ miscast
 48455 | Temple   | XOM: god gift: 56 gold pieces
 48669 | Temple   | XOM: harmless Tmut miscast
 49322 | Temple   | XOM: god gift: grey potion {god gift}
 49578 | Temple   | XOM: harmless Pois miscast
 49821 | Temple   | XOM: scenery: create altars
 50086 | Temple   | XOM: harmless Erth miscast
 50776 | Temple   | XOM is BORED!
 50776 | Temple   | XOM: mild Divn miscast
 50940 | Temple   | XOM: harmless Chrm miscast
 51979 | Temple   | XOM: god gift: 9 gold pieces
 52492 | Temple   | XOM: divination: detect items
 52875 | Temple   | XOM: divination: detect creatures
 53149 | Temple   | XOM: divination: detect items
 53354 | Temple   | XOM: cast spell 'Summon Butterflies'
 53387 | Temple   | XOM: noise
 53582 | Temple   | XOM: noise
 53938 | Temple   | XOM: divination: detect items
 53945 | Temple   | XOM: scenery: create altars
 54262 | Temple   | XOM: scenery: create altars
 54495 | Temple   | XOM: scenery: create altars
 54685 | Temple   | XOM: god gift: hardcover book {god gift}
 54832 | Temple   | XOM is BORED!
 54832 | Temple   | XOM: medium Ice miscast
 54989 | Temple   | XOM: silly message
 55195 | Temple   | XOM: silly message
 55365 | Temple   | XOM: harmless Ice miscast
 55648 | Temple   | XOM: mild Hex miscast
 56114 | Temple   | XOM: harmless Summ miscast
 56549 | Temple   | XOM: mild Tloc miscast
 56664 | Temple   | XOM: mild Tmut miscast
 56673 | Temple   | XOM: mild Tloc miscast
 57797 | Temple   | XOM is BORED!
 57797 | Temple   | XOM: noise
 58551 | Temple   | XOM is BORED!
 58551 | Temple   | XOM: mild Necr miscast
 58673 | Temple   | XOM: harmless Air miscast
 59025 | Temple   | XOM: scenery: create altars
 59115 | Temple   | XOM: mild Fire miscast
 59905 | Temple   | XOM: medium Chrm miscast
 60838 | Temple   | XOM: harmless Tloc miscast
 61035 | Temple   | XOM is BORED!
 61344 | Temple   | XOM: harmless Pois miscast
 61375 | Temple   | XOM: summons 4 hostile demons
 61392 | D:4      | XOM: mild Tloc miscast
 61456 | D:4      | XOM: divination: magic mapping
 63150 | Temple   | XOM: noise
 63225 | Temple   | XOM: mild Fire miscast
 64026 | Temple   | XOM: divination: detect creatures
 64056 | Temple   | XOM: harmless Tmut miscast
 64824 | Temple   | XOM: divination: detect items
 66537 | Temple   | XOM is BORED!
 66537 | Temple   | XOM: silly message
 66826 | Temple   | XOM: divination: magic mapping
 67361 | Temple   | XOM: divination: detect items
 67690 | Temple   | XOM is BORED!
 67690 | Temple   | XOM: medium Tmut miscast
 67843 | Temple   | XOM: harmless Air miscast
 67931 | Temple   | XOM: harmless Air miscast
 68248 | Temple   | XOM is BORED!
 68259 | Temple   | XOM: god gift: dyed leather armour {god gift}
 68547 | Temple   | XOM: mild Tloc miscast
 68777 | Temple   | XOM: cast spell 'Summon Butterflies'
 69025 | Temple   | XOM: harmless Chrm miscast
 69631 | Temple   | XOM: scenery: create altars
 69773 | Temple   | XOM: harmless Necr miscast
 70625 | Temple   | XOM: mild Erth miscast
 71934 | Temple   | XOM: cloud trail
 72170 | Temple   | XOM is BORED!
 72170 | Temple   | XOM: severe Conj miscast
 72362 | Temple   | XOM: cloud trail
 72707 | Temple   | XOM: cloud trail
 72830 | Temple   | XOM: scenery: create altars
 72935 | Temple   | XOM: 3-stop teleportation journey
 73285 | Temple   | XOM: summons 4 hostile demons
 73372 | D:4      | XOM: cloud trail
 73438 | Temple   | XOM: god gift: fizzy grey potion {god gift}
 73909 | Temple   | XOM: noise
 74178 | Temple   | XOM: divination: detect items
 74443 | Temple   | XOM: scenery: create altars
 74452 | Temple   | XOM: scenery: create altars
 75034 | Temple   | XOM: god gift: 2210 gold pieces
 76272 | Temple   | XOM: god gift: scroll of fog
 76557 | Temple   | XOM: scenery: create altars
 76924 | Temple   | XOM: scenery: create altars
 76958 | Temple   | XOM: god gift: 5 meat rations
 77297 | Temple   | XOM: medium Chrm miscast
 77442 | Temple   | XOM: cast spell 'Summon Butterflies'
 77583 | Temple   | XOM: mild Conj miscast
 77728 | Temple   | XOM: god gift: translucent morningstar {god gift}
 77729 | Temple   | Got a translucent morningstar {god gift}
 77730 | Temple   | Identified the +2 morningstar "Birhu" {distort, Str+4 SInv} (Xom gifted it to you in the Ecumenical Temple)
 79650 | Temple   | XOM: cloud trail
 79708 | Temple   | XOM: harmless Summ miscast
 79842 | Temple   | XOM: god gift: tubular golden ring {god gift}
 80639 | Temple   | XOM: cast spell 'Summon Butterflies'
 81705 | Temple   | XOM: mild Summ miscast
 81725 | Temple   | XOM is BORED!
 81732 | Temple   | XOM: scenery: create altars
 81857 | Temple   | XOM: scenery: create altars
 82069 | Temple   | XOM: divination: magic mapping
 82558 | Temple   | XOM: scenery: create altars
 83361 | Temple   | XOM: divination: detect items
 84062 | Temple   | XOM: god gift: scroll of amnesia
 84098 | Temple   | XOM: scenery: create altars
 86076 | Temple   | XOM is BORED!
 86076 | Temple   | XOM: mild Hex miscast
 86806 | Temple   | XOM: divination: magic mapping
 86861 | Temple   | XOM: harmless Pois miscast
 87728 | Temple   | XOM: summons 4 hostile demons
 87985 | Temple   | XOM is BORED!
 87985 | Temple   | XOM: mild Air miscast
 87993 | Temple   | XOM: divination: detect creatures
 88017 | Temple   | XOM: cloud trail
 88104 | Temple   | XOM: god gift: large bone ring {god gift}
 88108 | Temple   | XOM: god gift: scroll labeled VIGISE XINOIS {god gift}
 89113 | Temple   | XOM: severe Erth miscast
 89147 | Temple   | XOM: harmless Chrm miscast
 89684 | Temple   | XOM: god gift: worn lead wand {god gift}
 89978 | Temple   | XOM is BORED!
 89978 | Temple   | XOM: summons 4 hostile demons
 90233 | Temple   | XOM: divination: magic mapping
 90317 | Temple   | XOM: god gift: fan of gales
 90567 | Temple   | XOM: god gift: book of Conjurations
 91198 | Temple   | XOM: mild Ice miscast
 91474 | Temple   | XOM: harmless Hex miscast
 92325 | Temple   | XOM: harmless Divn miscast
 93166 | Temple   | XOM: divination: detect creatures
 93343 | Temple   | XOM: harmless Conj miscast
 93381 | Temple   | XOM: harmless Necr miscast
 93482 | Temple   | XOM: scenery: create altars
 94052 | Temple   | XOM: cloud trail
 94194 | Temple   | XOM: harmless Fire miscast
 94962 | Temple   | XOM: cloud trail
 95065 | Temple   | XOM is BORED!
 95065 | Temple   | XOM: medium Fire miscast
 95108 | Temple   | XOM: divination: magic mapping
 95133 | Temple   | XOM: divination: magic mapping
 95152 | Temple   | XOM: god gift: 6 needles of frenzy
 95225 | Temple   | XOM: god gift: 40 gold pieces
 95836 | Temple   | XOM: medium Tloc miscast
 96740 | Temple   | XOM: god gift: 65 gold pieces
 96924 | Temple   | XOM: cloud trail
 97233 | Temple   | XOM: god gift: 45 gold pieces
 97413 | Temple   | XOM: divination: detect items
 97512 | Temple   | XOM: god gift: battleaxe {god gift}
 97601 | Temple   | XOM: god gift: scimitar {god gift}
 98322 | Temple   | XOM: divination: detect creatures
 98457 | Temple   | XOM is BORED!
 98457 | Temple   | XOM: medium Hex miscast
 99323 | Temple   | XOM: god gift: short sword {god gift}
 99410 | Temple   | XOM: divination: magic mapping
 99525 | Temple   | XOM: god gift: 7 gold pieces
 99730 | Temple   | XOM: cast spell 'Summon Butterflies'
 99836 | Temple   | XOM: mild Divn miscast
 99841 | Temple   | XOM: mild Conj miscast
100357 | Temple   | XOM is BORED!
100362 | Temple   | XOM: god gift: 46 gold pieces
101025 | Temple   | XOM: god gift: runed demon trident {god gift}
101675 | Temple   | XOM: stat loss: -1 Dex (9/14)
101733 | Temple   | XOM: god gift: large tourmaline ring {god gift}
101846 | Temple   | XOM: cloud trail
102016 | Temple   | XOM: noise
102669 | Temple   | XOM: harmless Summ miscast
102794 | Temple   | XOM: harmless Fire miscast
103035 | Temple   | XOM: divination: detect items
103297 | Temple   | XOM: cloud trail
103318 | Temple   | XOM: cast spell 'Summon Butterflies'
103385 | Temple   | XOM: god gift: sack of spiders
103413 | Temple   | XOM: god gift: fustibalus {god gift}
103421 | Temple   | XOM: god gift: shimmering scale mail {god gift}
103422 | Temple   | Got a shimmering scale mail {god gift}
103433 | Temple   | Identified the +2 scale mail of the Thistle {rPois rCorr} (Xom gifted it to you in the Ecumenical Temple)
103908 | Temple   | XOM: medium Air miscast
104092 | Temple   | XOM: divination: magic mapping
104284 | Temple   | XOM: medium Necr miscast
105092 | Temple   | XOM: scenery: create altars
105922 | Temple   | XOM: god gift: scroll of amnesia
106035 | Temple   | XOM is BORED!
106035 | Temple   | XOM: medium Air miscast
106667 | Temple   | XOM: god gift: smoky inky potion {god gift}
107157 | Temple   | XOM is BORED!
107157 | Temple   | XOM: mild Tloc miscast
107325 | Temple   | XOM: 1-stop teleportation journey
108294 | Temple   | XOM: scenery: create altars
108605 | Temple   | XOM: noise
108708 | Temple   | XOM: mild Tmut miscast
109055 | Temple   | XOM: cloud trail
109828 | Temple   | XOM: mild Conj miscast
110039 | Temple   | XOM: god gift: 44 gold pieces
110303 | Temple   | XOM: god gift: 52 gold pieces
110311 | Temple   | XOM: 2-stop teleportation journey
110346 | Temple   | XOM: cloud trail
110368 | Temple   | XOM is BORED!
110368 | Temple   | XOM: summons 4 hostile demons
111061 | Temple   | XOM: god gift: book of the Dragon
111145 | Temple   | XOM: god gift: bubbling orange potion {god gift}
111553 | Temple   | XOM: stat loss: -1 Dex (8/14)
111932 | Temple   | XOM: summons 2 hostile demons
112059 | Temple   | XOM: god gift: phial of floods
112330 | Temple   | XOM: divination: detect items
112383 | Temple   | XOM: god gift: lumpy inky potion {god gift}
112448 | Temple   | XOM: harmless Fire miscast
112462 | Temple   | XOM: cloud trail
113286 | Temple   | XOM: god gift: club {god gift}
113418 | Temple   | XOM: mild Tmut miscast
113689 | Temple   | XOM: god gift: runed mace {god gift}
113804 | Temple   | XOM: cloud trail
114111 | Temple   | XOM: stat loss: -1 Dex (4/14)
114145 | Temple   | XOM: medium Chrm miscast
114739 | Temple   | XOM: mild Necr miscast
115314 | Temple   | XOM: mild Divn miscast
116085 | Temple   | XOM: summons 4 hostile demons
116577 | Temple   | XOM: god gift: 25 stones
117183 | Temple   | XOM: harmless Fire miscast
117745 | Temple   | XOM: harmless Air miscast
117849 | Temple   | XOM: divination: magic mapping
118584 | Temple   | XOM is BORED!
118584 | Temple   | XOM: noise
118710 | Temple   | XOM: cloud trail
119055 | Temple   | XOM: harmless Tloc miscast
119712 | Temple   | XOM: harmless Ice miscast
119935 | Temple   | XOM: stat loss: -1 Dex (3/14)
120190 | Temple   | XOM: harmless Pois miscast
120840 | Temple   | XOM is BORED!
120840 | Temple   | XOM: medium Erth miscast
121024 | Temple   | XOM: divination: detect items
121367 | Temple   | XOM: harmless Hex miscast
121830 | Temple   | XOM is BORED!
121830 | Temple   | XOM: medium Tloc miscast
122001 | Temple   | XOM: harmless Ice miscast
122430 | Temple   | XOM: mild Conj miscast
122454 | Temple   | XOM: divination: magic mapping
123692 | Temple   | XOM is BORED!
123692 | Temple   | XOM: silly message
124305 | Temple   | XOM: silly message
124869 | Temple   | XOM is BORED!
124869 | Temple   | XOM: harmless Conj miscast
125329 | Temple   | XOM: harmless Fire miscast
125991 | Temple   | XOM: summons 4 hostile demons
126872 | Temple   | XOM: mild Conj miscast
127180 | Temple   | XOM is BORED!
127180 | Temple   | XOM: stat loss: -2 Dex (1/14)
128173 | Temple   | XOM: severe Tmut miscast
128270 | Temple   | XOM: harmless Chrm miscast
129498 | Temple   | XOM: scenery: create altars
129802 | Temple   | XOM: harmless Ice miscast
129913 | Temple   | XOM: harmless Summ miscast
130212 | Temple   | XOM is BORED!
130212 | Temple   | XOM: medium Fire miscast
130230 | Temple   | XOM: mild Hex miscast
130274 | Temple   | XOM: mild Ice miscast
130316 | Temple   | XOM: harmless Divn miscast
131914 | Temple   | XOM: mild Fire miscast
132927 | Temple   | Identified Kequucs's Compendium of Augmentations (Xom gifted it to you in the Ecumenical Temple)
132927 | Temple   | XOM: god gift: Kequucs's Compendium of Augmentations
133014 | Temple   | XOM: cloud trail
133019 | Temple   | XOM: scenery: create altars
133353 | Temple   | XOM: god gift: 56 gold pieces
133581 | Temple   | XOM: 1-stop teleportation journey
133832 | Temple   | XOM is BORED!
133832 | Temple   | XOM: mild Summ miscast
134012 | Temple   | XOM: scenery: create altars
134063 | Temple   | XOM: god gift: 30 bolts
134191 | Temple   | XOM: god gift: bone wand {god gift}
134229 | Temple   | XOM: divination: magic mapping
134943 | Temple   | XOM: cloud trail
135020 | Temple   | XOM: god gift: 58 gold pieces
136391 | Temple   | Identified Xom's Handbook of the Extremes (Xom gifted it to you in the Ecumenical Temple)
136391 | Temple   | XOM: god gift: Xom's Handbook of the Extremes
137191 | Temple   | XOM is BORED!
137290 | Temple   | XOM: god gift: short smoking staff {god gift}
137349 | Temple   | XOM: scenery: create altars
137713 | Temple   | XOM: god gift: pair of embroidered boots {god gift}
137932 | Temple   | XOM: 2-stop teleportation journey
138126 | Temple   | XOM: god gift: 44 gold pieces
138178 | Temple   | XOM: divination: magic mapping
138233 | Temple   | XOM: divination: magic mapping
139180 | Temple   | XOM: cloud trail
139383 | Temple   | XOM: mild Summ miscast
139646 | Temple   | XOM: god gift: puce potion {god gift}
139660 | D:4      | XOM: summons 1 hostile demon
139679 | D:5      | Entered Level 5 of the Dungeon
139702 | D:5      | XOM: polymorph gnoll -> iguana
139730 | D:5      | Found Sulot's General Store.
139773 | D:5      | XOM: mild Necr miscast
139788 | D:5      | Noticed Prince Ribbit
139792 | D:5      | XOM: noise
139794 | D:5      | Noticed Edmund
139798 | D:5      | Killed Prince Ribbit
139798 | D:5      | Reached XP level 9. HP: 38/71 MP: 9/9
139807 | D:5      | Killed Edmund
139966 | D:5      | Noticed Dowan
139970 | D:5      | Noticed Duvessa
139973 | D:5      | XOM: 2-stop teleportation journey
140080 | D:5      | XOM: medium Tloc miscast
140113 | D:5      | Killed Duvessa
140113 | D:5      | Reached skill level 5 in Dodging
140118 | D:5      | Killed Dowan
140168 | D:5      | Found a runed door.
140172 | D:5      | Noticed Crazy Yiuf
140179 | D:5      | Killed Crazy Yiuf
140289 | D:6      | Noticed veneficus's ghost (novice DDFi)
140299 | D:6      | XOM: swap monsters
140315 | D:6      | XOM: swap monsters
140317 | D:6      | Killed veneficus's ghost
140434 | D:6      | XOM: mild Summ miscast
140814 | D:6      | XOM: stat loss: -1 Int (10/11)
140885 | D:4      | XOM: god gift: 16 gold pieces
142891 | Temple   | XOM is BORED!
143641 | Temple   | XOM: divination: magic mapping
144450 | Temple   | XOM: stat loss: -1 Str (14/15)
145100 | Temple   | XOM: god gift: 21 sling bullets
145262 | Temple   | XOM: cloud trail
145345 | Temple   | XOM: noise
145900 | Temple   | XOM: divination: detect creatures
146038 | Temple   | XOM is BORED!
146141 | Temple   | XOM: cloud trail
146456 | Temple   | XOM: stat loss: -1 Int (9/11)
146751 | Temple   | XOM: god gift: 21 stones
146935 | Temple   | XOM: cast spell 'Summon Butterflies'
147326 | Temple   | XOM: god gift: fizzy grey potion {god gift}
147393 | Temple   | XOM: medium Chrm miscast
147569 | Temple   | XOM: harmless Tmut miscast
148415 | Temple   | XOM: scenery: create altars
148594 | Temple   | XOM: stat loss: -1 Int (8/11)
148606 | Temple   | XOM: mild Necr miscast
148617 | Temple   | XOM: noise
148990 | Temple   | XOM: silly message
149028 | Temple   | XOM: harmless Fire miscast
149110 | Temple   | XOM: mild Ice miscast
149181 | Temple   | XOM: noise
149211 | Temple   | XOM: noise
149379 | Temple   | XOM is BORED!
149379 | Temple   | XOM: medium Air miscast
149767 | Temple   | XOM: medium Chrm miscast
149891 | Temple   | XOM: mild Summ miscast
150288 | Temple   | XOM: harmless Air miscast
150296 | Temple   | XOM: medium Conj miscast
150488 | Temple   | XOM: god gift: 14 royal jellies
151006 | Temple   | XOM: god gift: scale mail {god gift}
151102 | Temple   | XOM: god gift: pair of faintly glowing gloves {god gift}
151103 | Temple   | Got a pair of faintly glowing gloves {god gift}
151109 | Temple   | Identified the -3 pair of gloves of Telux {*Contam MR+ Str+4} (Xom gifted it to you in the Ecumenical Temple)
151475 | Temple   | XOM is BORED!
151475 | Temple   | XOM: medium Summ miscast
152669 | Temple   | XOM: god gift: 7 javelins of returning
152727 | Temple   | XOM: scenery: create altars
153135 | Temple   | XOM: cloud trail
154997 | Temple   | XOM is BORED!
154997 | Temple   | XOM: medium Pois miscast
155322 | Temple   | XOM: god gift: short glass wand {god gift}
155705 | Temple   | XOM is BORED!
155705 | Temple   | XOM: stat loss: -2 Int (6/11)
155927 | Temple   | XOM: noise
156552 | Temple   | XOM: summons 4 hostile demons
156965 | Temple   | XOM: harmless Necr miscast
157602 | Temple   | XOM: mild Divn miscast
157973 | Temple   | XOM: mild Tmut miscast
158127 | Temple   | XOM: stat loss: -1 Dex (5/15)
158294 | Temple   | XOM: medium Ice miscast
158405 | Temple   | XOM is BORED!
158405 | Temple   | XOM: medium Pois miscast
159548 | Temple   | XOM: noise
159934 | Temple   | XOM: medium Erth miscast
160273 | Temple   | XOM: harmless Divn miscast
160498 | Temple   | XOM: severe Hex miscast
161219 | Temple   | XOM: god gift: 51 gold pieces
161487 | Temple   | XOM: noise
161719 | Temple   | XOM: summons 2 hostile demons
161733 | Temple   | Lost dexterity.
161893 | D:6      | XOM: scenery: 3 doors close
161947 | D:6      | XOM: noise
162072 | D:6      | XOM: cloud trail
162181 | D:6      | Noticed Eustachio
162184 | D:6      | XOM: enchant monster (good)
162190 | D:6      | Killed Eustachio
162211 | D:6      | XOM: harmless Summ miscast
162426 | D:7      | XOM: cast spell 'Summon Butterflies'
163187 | D:8      | Noticed Joseph
163268 | D:7      | XOM: enchant monster (good)
163292 | D:7      | XOM: mild Tmut miscast
163306 | D:7      | Reached XP level 10. HP: 20/80 MP: 10/10
163467 | D:7      | XOM: divination: magic mapping
163919 | D:8      | XOM: enchant monster (good)
163978 | D:8      | Noticed Grum
163984 | D:8      | XOM: enchant monster (good)
163986 | D:8      | Killed Grum
163989 | D:8      | Slain by a wolf

Skill      XL: |  1  2  3  4  5  6  7  8  9 |
---------------+----------------------------+-----
Dodging        | 1 2 3 4 6 |  6.4
Polearms       | 3 4 5 7 8 |  8.8
Fighting       | 4 5 6 8 |  8.3
Armour         | |  1.5

Action                   |  1- 3 |  4- 6 |  7- 9 | 10-12 || total
-------------------------+-------+-------+-------+-------++-------
Melee: Spear             |   177 |   317 |   190 |       ||   684
       Demon trident     |       |       |   351 |    21 ||   372
       Morningstar       |       |       |    19 |       ||    19
Evoke: Wand              |       |       |     2 |    11 ||    13
       Phial of floods   |       |       |     1 |       ||     1
       Fan of gales      |       |       |       |     1 ||     1
  Use: Scroll            |       |       |    14 |     1 ||    15
 Stab: Paralysed         |     1 |     4 |     3 |       ||     8
       Petrified         |       |    11 |    16 |       ||    27
       Petrifying        |       |     1 |     2 |       ||     3
       Sleeping          |       |     2 |     5 |       ||     7
       Confused          |       |     1 |       |       ||     1
       Distracted        |       |       |     2 |       ||     2
Armor: Leather armour    |    27 |       |   197 |     3 ||   227
       Chain mail        |    30 |     3 |       |       ||    33
       Steam dragon scal |       |    54 |    52 |       ||   106
Dodge: Dodged            |    84 |   136 |   338 |     5 ||   563
